AoeStats
← gigaleiner

Golden Pit

509597104Analyzed
1v1 RM · 4d ago on Sep 27, 2026· 23m 46s· 2 players
Game mode
Random Map
Map size
Tiny (2 player)
Population
200
Speed
Normal
Resources
Standard
Victory
Conquest
Starting age
Dark Age
Ending age
Imperial Age
RankedLock teamsTeams togetherTeam positionsShared explorationLock speedFull tech treeHidden civsTurbo modeCheats
Victory
Defeat
🇩🇪 Wei · Germany
1077
+15
🇸🇮 Franks · Slovenia
1063
-15
mattko777
7:11 Loom
12:46 Feudal Age
20:27 Castle Age
18:17 Double-Bit Axe
18:33 Gold Mining
22:14 Scale Barding Armor
gigaleiner
7:18 Loom
9:27 Feudal Age
10:44 Man-at-Arms
14:33 Double-Bit Axe
14:43 Horse Collar
19:59 Castle Age
18:26 Fletching
18:36 Padded Archer Armor
18:51 Forging
19:33 Scale Barding Armor
19:50 Bloodlines
21:09 Gold Mining
24:25 Iron Casting
Connection lost

Rejoining the realm…

Still unreachable

The connection could not be restored.

Session expired

The server has moved on; the page needs a fresh start.